 Dungeon Crawl Stone Soup version 0.31-a0-977-gc230f8ef24 (webtiles) character file.

Game seed: 11301296607558207888

32 MacCMillion the Ruffian (level 3, -1/24 HPs)
             Began as an Octopode Shapeshifter on Oct 29, 2023.
             Slain by a jackal (2 damage)
             ... on level 2 of the Dungeon.
             The game lasted 00:01:13 (723 turns).

MacCMillion the Ruffian (Octopode Shapeshifter)      Turns: 723, Time: 00:01:13

Health: -1/24      AC:  1    Str: 15    XL:     3   Next: 27%
Magic:  3/3        EV: 13    Int: 12    God:
Gold:   23         SH:  0    Dex: 11    Spells: 2/2 levels left

rFire   . .          .
                       - Unarmed
rCold   . . .        (no shield)
rNeg    . . .        (helmet currently unavailable)
rPois   .            (no amulet)
rElec   .            (no ring)
rCorr   .            (no ring)
SInv    .            (no ring)
Will    .....        (no ring)
Stlth   +++          (no ring)
HPRegen 0.24/turn    (no ring)
MPRegen 0.08/turn    (no ring)
                     (no ring)

%: no passive effects
@: beast-form
A: beast (slay +1), almost no armour, amphibious, 8 rings, camouflage 1,
gelatinous body 1, (nimble swimmer 1), tentacles
a: Begin Untransformation


You were on level 2 of the Dungeon.
You were a hulking beast.
You visited 1 branch of the dungeon, and saw 2 of its levels.

You collected 23 gold pieces.

Inventory:

Missiles
 h - a throwing net
Talismans
 b - a beast talisman
 c - a flux talisman
Scrolls
 d - a scroll of vulnerability {unknown}
 f - 3 scrolls of identify {unknown}
Potions
 a - a potion of lignification
 e - a potion of curing {unknown}
 g - a potion of brilliance {unknown}


   Skills:
 + Level 1.9 Fighting
 - Level 2.0 Dodging
 + Level 2.2 Stealth
 + Level 3.4 Unarmed Combat
 - Level 3.0 Shapeshifting


You had 2 spell levels left.
You didn't know any spells.
Your spell library was empty.

Dungeon Overview and Level Annotations

Branches:
Dungeon (2/15)

Altars:


Innate Abilities, Weirdness & Mutations

You are a hulking beast.
Your limbs bulge with bestial killing power. (Slay +1)
You cannot wear most types of armour.
You are amphibious.
You can wear up to eight rings at the same time.
Your skin changes colour to match your surroundings (Stealth+).
Your rubbery body absorbs attacks. (AC +1, EV +1)
((You are camouflaged when in or above water. (Stealth+)))
You have tentacles for arms and can constrict up to eight enemies at once.


Message History

Your grab misses the bat. The bat completely misses you.
A jackal comes into view.
The goblin hits you with a +0 club. The jackal closely misses you.
The bat barely misses you. The bat misses you. The jackal misses you.
The goblin attacks as it pursues you! The goblin hits you with a +0 club.
You closely miss the bat.
The jackal barks!
Your grab misses the bat. The bat barely misses you. The bat misses you.
The jackal closely misses you. The jackal misses you.
The goblin hits you with a +0 club. The jackal bites you.
* * * LOW HITPOINT WARNING * * *
You tentacle-slap the bat.
You kill the bat!
The jackal bites you.
* * * LOW HITPOINT WARNING * * *
The jackal stops to sniff the ground.
The goblin barely misses you. The jackal closely misses you.
You tentacle-slap the jackal.
You kill the jackal!
The jackal barely misses you. The goblin closely misses you.
The jackal barely misses you. x2
The jackal attacks as it pursues you! The jackal barely misses you.
The jackal attacks as it pursues you! The jackal misses you.
The jackal barely misses you. The jackal attacks as it pursues you!
The jackal barely misses you. The jackal barely misses you.
The jackal bites you but does no damage.
The jackal closely misses you.
A goblin comes into view. It is wielding a +0 club.
The jackal attacks as it pursues you! The jackal bites you.
* * * LOW HITPOINT WARNING * * *
The goblin barely misses you. The jackal attacks as it pursues you!
The jackal misses you. The jackal barely misses you.
The goblin hits you with a +0 club.
* * * LOW HITPOINT WARNING * * *
The jackal attacks as it pursues you! The jackal misses you.
The jackal attacks as it pursues you! The jackal completely misses you.
A kobold comes into view. It is wielding a +0 short sword.
The jackal bites you.
You die...

#... ##+ ####.. . ...#
#....# #... ..# .>
.....#....# .... h.# ..
....#....##...#. ..##..
.............#.# #<...#
#....##.#.#.###....#
#..h<##...#.##......
#..h## #...##....##
#.##.#g#####.##.g..)...
#.K...h......##.##....>
#####..###...##.##.....
#...........####...
#.#####.##### ...
#.#.........# ...
#...##.#..#.... ..


You could see 2 jackals, a goblin and a kobold (wandering).

Vanquished Creatures
  A ball python (D:1)
  3 endoplasms (D:1)
  4 goblins (D:1)
  2 hobgoblins
  3 jackals
  A quokka (D:1)
  7 bats
  A frilled lizard (D:1)
  3 kobolds
  4 rats (D:1)
29 creatures vanquished.

Notes
Turn   | Place    | Note
-------+----------+-------------------------------------------
     0 | D:1      | MacCMillion the Octopode Shapeshifter began the quest for
                  | the Orb.
     0 | D:1      | Reached XP level 1. HP: 13/13 MP: 1/1
   116 | D:1      | Reached skill level 1 in Stealth
   119 | D:1      | Reached XP level 2. HP: 15/18 MP: 2/2
   146 | D:1      | Found a faded altar of an unknown god.
   458 | D:1      | Reached XP level 3. HP: 21/24 MP: 3/3
   721 | D:2      | HP: 1/24 [goblin/+0 club (4)]
   723 | D:2      | Slain by a jackal

Illustrated notes

Levels and vault maps discovered:
D:1:      ldierk_walled_garden, layout_basic, basic_ecumenical_altar
D:2:      layout_basic

Skill      XL: |  1  2 |
---------------+-------+-----
Stealth        | 1 2 |  2.2
Fighting       | |  1.9
Dodging        | |  2.0
Unarmed Combat | |  3.4
Shapeshifting  | |  3.0

Action                     || total
---------------------------++-------
  Melee: Unarmed           ||    49
         Constrict         ||    12
         Tentacles         ||     8
   Stab: Sleeping          ||     6
 Armour: Skin              ||    32
  Dodge: Dodged            ||    55

Table legend: (Time is in decaauts)
 A = Elapsed time spent in this place.
 B = Non-inter-level travel time spent in this place.
 C = Inter-level travel time spent in this place.
 D = Time resting spent in this place.
 E = Time spent auto-exploring this place.
 F = Levels seen in this place.
 G = Mean time per level.
                   A        B        C        D        E       F      G
               +--------+--------+--------+--------+--------+-----+--------+
         Total |    719 |    704 |     15 |      0 |    519 |   2 |  359.5 |
       Dungeon |    719 |    704 |     15 |      0 |    519 |   2 |  359.5 |
               +--------+--------+--------+--------+--------+-----+--------+

Top non-repeatable levels by time:
     D:1: 662 daAuts
     D:2: 57 daAuts
